 Dungeon Crawl Stone Soup version 0.22.1-6-g1668fe2 (webtiles) character file.

53 dvd the Chopper (level 3, 0/27 HPs)
             Began as a Vine Stalker Gladiator on Jan 28, 2019.
             Succumbed to an adder's poison
             ... on level 2 of the Dungeon.
             The game lasted 00:02:45 (1210 turns).

dvd the Chopper (Vine Stalker Gladiator)            Turns: 1210, Time: 00:02:46

Health: 0/27       AC: 21    Str: 17    XL:     3   Next: 87%
Magic:  4/4        EV:  2    Int:  8    God:
Gold:   130        SH:  0    Dex: 15    Spells: 2/2 levels left

rFire    + . .     SeeInvis .   a - +0 war axe
rCold    . . .     Gourm    .   (no shield)
rNeg     + + +     Faith    .   (armour currently unavailable)
rPois    +         Spirit   +   (helmet currently unavailable)
rElec    .         Reflect  .   (cloak currently unavailable)
rCorr    .         Harm     .   (gloves currently unavailable)
MR       .....     NoTele   +   (boots currently unavailable)
Stlth    ..........             l - amulet of magic regeneration
HPRegen  0.09/turn              j - ring of attention (curse)
MPRegen  0.34/turn              o - ring of protection from fire

@: confused, lethally poisoned (0 -> -7), tree-form, hasted, very quick
A: magic shield, no potion heal 3, rot immunity
a: no special abilities


You were on level 2 of the Dungeon.
You were not hungry.
You were a tree.
You visited 1 branch of the dungeon, and saw 2 of its levels.

You collected 130 gold pieces.

Inventory:

Hand Weapons
 a - a +0 war axe (weapon)
Missiles
 d - 3 throwing nets (quivered)
Armour
 c - a +0 helmet (melded)
 h - a +0 pair of gloves (melded)
 k - a +0 ring mail
 s - a +0 scale mail (melded)
Jewellery
 j - a cursed ring of attention (left branch)
 l - an amulet of magic regeneration (around neck)
 o - a ring of protection from fire (right branch)
Scrolls
 e - 2 scrolls of identify {unknown}
 m - a scroll of noise {unknown}
 n - 3 scrolls of remove curse {unknown}
 r - a scroll of enchant armour {unknown}
 u - a scroll of teleportation {unknown}
Comestibles
 f - 3 rations
 g - 8 chunks of flesh


   Skills:
 + Level 2.2 Fighting
 + Level 3.6 Axes
 + Level 1.8 Throwing
 + Level 0.1 Armour
 + Level 2.8 Dodging


You had 2 spell levels left.
You didn't know any spells.
Your spell library was empty.

Dungeon Overview and Level Annotations

Branches:
Dungeon (2/15)

Altars:


Innate Abilities, Weirdness & Mutations

((You have extremely sharp teeth.))
When hurt, damage is shared between your health and your magic reserves.
((Your bite disrupts and absorbs the magic of your enemies.))
Potions cannot restore your health.
You are immune to rotting.


Message History

You hit the adder. Your bite misses the adder.
The adder is heavily wounded.
* * * LOW HITPOINT WARNING * * *
You feel sick. The adder bites you but does no damage.
You miss the adder. You bite the adder. You drain its power.
The adder is severely wounded.
The adder barely misses you.
It was a potion of ambrosia.
You are confused.
Your system rejects the healing.
You feel invigorated.
* * * LOW HITPOINT WARNING * * *
You feel sick. The adder bites you but does no damage.
It was a potion of lignification.
You turn into a tree.
Your +0 helmet melds into your body.
Your +0 pair of gloves melds into your body.
Your +0 scale mail melds into your body.
Your roots penetrate the ground.
The adder bites you but does no damage.
Unknown command.
It was a potion of heal wounds.
That seemed strangely inert.
You die...

....#.........
....#..........
....#..........
....#.........
............#
............######
...........)##...# .##
............##...##.....
....#...........♣S......
......####.......(......
......# #..............
......# #.........###..
......# #.........# .
......# #.........#
####### #.........#
#.........# #.........#


You could see an adder.

Vanquished Creatures
  2 adders (D:2)
  A worm (D:2)
  A dart slug (D:2)
  A leopard gecko (D:2)
  4 bats
  2 goblins
  6 hobgoblins
  3 kobolds
  A quokka (D:2)
  A ball python (D:2)
  4 frilled lizards
  5 rats
31 creatures vanquished.

Notes
Turn   | Place    | Note
-------+----------+-------------------------------------------
     0 | D:1      | dvd the Vine Stalker Gladiator began the quest for the Orb.
     0 | D:1      | Reached XP level 1. HP: 11/11 MP: 2/2
   401 | D:1      | Reached XP level 2. HP: 15/15 MP: 3/3
   487 | D:1      | Reached skill level 3 in Axes
   845 | D:2      | Reached XP level 3. HP: 18/18 MP: 4/4
  1210 | D:2      | Succumbed to an adder's poison

Skill      XL: |  1  2 |
---------------+-------+-----
Fighting       | 2 |  2.2
Axes           | 3 |  3.6
Throwing       | |  1.8
Armour         | |  0.1
Dodging        | |  2.8

Action                   || total
-------------------------++-------
Melee: War axe           ||    80
       Bite              ||    21
  Use: Potion            ||     5
  Eat: Chunk             ||     1
Armor: Leather armour    ||     4
       Ring mail         ||    19
       Scale mail        ||    11
       Skin              ||     1
Dodge: Dodged            ||    55
